 Dungeon Crawl Stone Soup version 0.29.0-4-gdea44cf6ec (webtiles) character file.

Game seed: 9939488452952811146

7 qw the Sneak (level 1, 0/10 HPs)
             Began as a Felid Delver on Aug 27, 2022.
             Frozen to death by an endoplasm (2 damage)
             ... on level 3 of the Dungeon.
             The game lasted 00:00:01 (108 turns).

qw the Sneak (Felid Delver)                          Turns: 108, Time: 00:00:02

Health: 0/10       AC:  1    Str:  8    XL:     1   Next: 83%
Magic:  2/2        EV: 17    Int: 11    God:
Gold:   5          SH:  0    Dex: 17    Spells: 0/0 levels left
                                        Lives:  0   Deaths: 0

rFire   . . .      SeeInvis +     - Unarmed
rCold   . . .      Faith    .   (shield unavailable)
rNeg    . . .      Spirit   .   (body armour unavailable)
rPois   .          Reflect  .   (helmet unavailable)
rElec   .          Harm     .   (cloak unavailable)
rCorr   .          Rampage  .   (gloves unavailable)
Will    .....                   (boots unavailable)
Stlth   +++.......              (no amulet)
HPRegen 0.03/turn               (no ring)
MPRegen 0.08/turn               (no ring)

@: quick
A: very small, claws 1, fangs 3, see invisible, speed 1, shaggy fur 1, stealthy
paws, no weapons or thrown items, no armour, multi-lived
a: no special abilities


You were on level 3 of the Dungeon.
You visited 1 branch of the dungeon, and saw 3 of its levels.

You collected 5 gold pieces.


Innate Abilities, Weirdness & Mutations

You have sharp claws.
You have razor-sharp teeth.
You have supernaturally acute eyesight. (SInv)
You cover ground quickly. (Speed+)
You are covered in fur. (AC +1)
Your paws help you pounce on unaware monsters.
You are incapable of wielding weapons or throwing items.
You cannot wear armour.
You gain extra lives every three experience levels.


   Skills:
 - Level 3.0 Fighting
 - Level 2.6 Dodging
 - Level 6.6 Stealth
 + Level 2.6 Unarmed Combat


You couldn't memorise any spells.
You didn't know any spells.
Your spell library was empty.

Inventory:

Wands
 e - a wand of digging (3)
Potions
 d - a potion of haste

Dungeon Overview and Level Annotations

Branches:
Dungeon (5/15)
 Temple: D:4-7

Altars:


Message History

The bat misses you.
A worm and an endoplasm come into view.
The bat completely misses you.
You see here a +0 dagger.
95 ||| Stepping ~*~*~tactically~*~*~ (stealth).
The bat misses you.
You see here a +0 dagger.
97 ||| Stepping ~*~*~tactically~*~*~ (stealth).
The bat misses you. The bat closely misses you.
You see here a +0 dagger.
You scratch the bat but do no damage. The bat closely misses you.
The quokka misses you.
You barely miss the quokka. You bite the quokka.
The quokka is moderately wounded.
The bat hits you. The quokka bites you.
You miss the quokka.
The quokka is moderately wounded.
The bat misses you. The quokka barely misses you.
You scratch the quokka.
The quokka is almost dead.
The endoplasm quivers.
The bat hits you but does no damage. The bat closely misses you.
The quokka bites you.
You scratch the quokka.
You kill the quokka!
The bat misses you. The bat barely misses you. The bat misses you.
You barely miss the endoplasm. You bite the endoplasm.
The endoplasm is almost dead.
The bat hits you. The endoplasm freezes you.
You are frozen.
You barely miss the endoplasm.
The endoplasm is almost dead.
The bat barely misses you. The endoplasm freezes you.
You are frozen.
You die...

####### #>....#
########.###.#
#........# .
.##.....###....
#.###@J.w..#
#.....b......
.......#.......
.#####. .......
#. .#...#. #.
.##.... #. .#
.... #. .# ##.


You could see a worm, an endoplasm and a bat.

Vanquished Creatures
  An orc (D:4)
  A ball python (D:3)
  2 goblins
  A quokka (D:3)
5 creatures vanquished.

Notes
Turn   | Place    | Note
-------+----------+-------------------------------------------
     0 | D:5      | qw the Felid Delver began the quest for the Orb.
     0 | D:5      | Reached XP level 1. HP: 10/10 MP: 2/2
     0 | D:5      | 0 ||| qw: Version: 0.1-a-89-g26bdef1
     0 | D:5      | 0 ||| qw: Game counter: 73
     0 | D:5      | 0 ||| qw: Always use a shield: true
     0 | D:5      | 0 ||| qw: God list: Okawaru, Trog
     0 | D:5      | 0 ||| qw: Allow faded altars: false
     0 | D:5      | 0 ||| qw: Do Orc after D:15 true
     0 | D:5      | 0 ||| qw: Do second Lair branch before Depths: true
     0 | D:5      | 0 ||| qw: Lair rune preference: random
     0 | D:5      | 0 ||| qw: Plans: Normal
     0 | D:5      | 0 ||| PLANNING D:1-11
     6 | D:5      | 6 ||| READING scroll labelled QICRERCH MUGAKAOH.
     7 | D:5      | 7 ||| DROPPING scroll of fog.
     8 | D:5      | 8 ||| DROPPING scroll of magic mapping.
     9 | D:5      | 9 ||| DROPPING scroll of fear.
    80 | D:3      | 80 ||| Stepping ~*~*~tactically~*~*~ (stealth).
    95 | D:3      | 95 ||| Stepping ~*~*~tactically~*~*~ (stealth).
    97 | D:3      | 97 ||| Stepping ~*~*~tactically~*~*~ (stealth).
   107 | D:3      | HP: 2/10 [frozen (1)]
   108 | D:3      | Frozen to death by an endoplasm

Levels and vault maps discovered:
D:3:      layout_loops_ring, uniq_ijyb
D:4:      layout_gridville, temple_green, minmay_circle_x
D:5:      layout_loops_ring, serial_glass, glass_columns_b, glass_columns_a,
          feat_on_display, item_on_display_a, minmay_strange_pillars,
          item_on_display_a, minmay_checkerbox, uniq_eustachio,
          uniq_prince_ribbit1

Action                   || total
-------------------------++-------
Melee: Unarmed           ||    13
       Bite              ||     2
  Use: Scroll            ||     1
 Stab: Distracted        ||     1
       Sleeping          ||     1
Armor: Skin              ||     1
Dodge: Dodged            ||    17

Table legend:
 A = Non-vault XP
 B = Vault XP
 C = Vault XP percentage of total XP
 D = Non-vault monster count
 E = Vault monster count
 F = Vault count percentage of total count
                 A         B        C        D         E       F
            +---------+---------+-------+---------+---------+-------
      Total |      10 |       0 |   0.0 |       5 |       0 |   0.0
            +---------+---------+-------+---------+---------+-------
        D:3 |       5 |       0 |   0.0 |       3 |       0 |   0.0
        D:4 |       5 |       0 |   0.0 |       2 |       0 |   0.0
            +---------+---------+-------+---------+---------+-------
